 Dungeon Crawl Stone Soup version 0.19.5 (webtiles) character file.

26466 Agrougrou the Basher (level 12, -16/96 HPs)
             Began as a Demonspawn Fighter on Mar 3, 2017.
             Was the Champion of Okawaru.
             Demolished by a fire giant
             ... wielding the +7 great mace "Firestarter" {inner flame, rF++}
              (24 damage)
             ... on level 14 of the Dungeon on Mar 4, 2017.
             The game lasted 01:25:57 (20004 turns).

Agrougrou the Basher (Demonspawn Fighter)          Turns: 20004, Time: 01:25:57

Health: -16/96     AC: 21    Str: 20    XL:     12   Next: 98%
Magic:  13/13      EV: 14    Int: 12    God:    Okawaru [******]
Gold:   788        SH: 13    Dex: 28    Spells: 0 memorised, 11 levels left

rFire  + . .     SeeInvis +     S - +1 flail (protect)
rCold  x . .     Gourm    +     O - +7 ring mail "Jiurife" {MR- Dex+8}
rNeg   . . .     Faith    .     c - +0 shield
rPois  .         Spirit   .     (helmet unavailable)
rElec  +         Reflect  .     u - +0 cloak
rCorr  .         Harm     .     R - +0 pair of gloves (curse)
MR     .....     Rnd*Rage +     x - +0 pair of boots
Stlth  ++........               Q - amulet of the gourmand
                                V - ring of fire
                                t - +4 ring of dexterity

@: studying Fire Magic
A: antennae 3, claws 1, hooves 2, icy blue scales 2, agile 1, berserk 1, clever
1, demonic guardian 2, powered by pain 2, electricity resistance
a: Heroism, Finesse, Renounce Religion


You were on level 14 of the Dungeon.
You worshipped Okawaru.
Okawaru was exalted by your worship.
You were not hungry.

You visited 2 branches of the dungeon, and saw 15 of its levels.

You collected 1013 gold pieces.
You spent 225 gold pieces at shops.

Inventory:

Hand Weapons
 d - a +3 flail
 I - a +2 whip of flaming
 L - a +4 morningstar
 S - a +1 flail of protection (weapon)
Armour
 c - a +0 shield (worn)
 u - a +0 cloak (worn)
 x - a +0 pair of boots (worn)
 D - a +0 plate armour
 O - the +7 ring mail "Jiurife" (worn) {MR- Dex+8}
   (You found it on level 12 of the Dungeon)

   It affects your dexterity (+8).
   It affects your resistance to hostile enchantments.
 R - a cursed +0 pair of gloves (worn)
Jewellery
 t - a +4 ring of dexterity (left hand)
 Q - an amulet of the gourmand (around neck)
 U - a +4 ring of intelligence
 V - a ring of fire (right hand)
Wands
 b - a wand of random effects (32/48)
 w - a wand of disintegration (13/24)
 y - a wand of flame (30/48)
 F - a wand of teleportation (0/9)
 J - a wand of enslavement (3/24)
 M - a wand of lightning (7/15)
 Y - a wand of random effects (13/48)
Scrolls
 e - a scroll of noise {unknown}
 g - 4 scrolls of fear
 h - 4 scrolls of amnesia
 i - 3 scrolls of enchant armour
 k - 2 scrolls of recharging
 l - 3 scrolls of enchant weapon {unknown}
 m - 6 scrolls of remove curse
 n - 3 scrolls of fog
 s - 2 scrolls of blinking
 v - 5 scrolls of magic mapping
 A - a scroll of holy word {unknown}
 B - 3 scrolls of random uselessness {unknown}
 H - 4 scrolls of teleportation
Potions
 a - a potion of agility
 j - 4 potions of lignification
 o - a potion of cancellation
 p - 2 potions of curing
 q - a potion of resistance
 r - a potion of beneficial mutation
 z - 3 potions of heal wounds
 C - a potion of might
 E - a potion of berserk rage
 G - a potion of ambrosia {unknown}
 N - a potion of haste
Books
 W - a manual of Fire Magic
Miscellaneous
 P - a phial of floods (inert)
 X - a lamp of fire
Comestibles
 f - 6 bread rations
 K - 10 royal jellies
 T - a meat ration


   Skills:
 + Level 9.6 Fighting
 + Level 12.3 Maces & Flails
 + Level 8.9 Armour
 + Level 4.3 Dodging
 - Level 1.2 Stealth
 + Level 10.4 Shields
 + Level 1.6 Evocations


You had 11 spell levels left.
You didn't know any spells.

Dungeon Overview and Level Annotations

Branches:
Dungeon (14/15)            Temple (1/1) D:4             Orc (0/2) D:10
 Vaults (0/5) D:14
   Lair: D:8-11

Altars:
Ashenzari
Cheibriados
Dithmenos
Elyvilon
Fedhas
Gozag
Hepliaklqana
Kikubaaqudgha
Makhleb
Nemelex Xobeh
Okawaru
Qazlal
Ru
Sif Muna
Trog
Uskayaw
Vehumet
Xom
Yredelemnul
Zin
The Shining One

Shops:
D:4 [   D:6 **

Annotations:
D:10 exclusion: ice statue


Innate Abilities, Weirdness & Mutations

You have a pair of large antennae on your head. (SInv)
You are mostly covered in icy blue scales. (AC +3)
A demonic guardian rushes to your aid.
You sometimes gain power by taking damage.
You have sharp fingernails.
You have hoof-like feet.
You are agile. (Dex +2)
You tend to lose your temper in combat.
Your mind is acute. (Int +2)
You are resistant to electric shocks. (rElec)


Message History

The large slime creature misses your sixfirhy.
A large slime creature splits.
The slime creature misses your sixfirhy.
Your sixfirhy hits the slime creature.
The slime creature dies!
Okawaru accepts your kill.
Your sixfirhy completely misses the slime creature.
Your sixfirhy hits the slime creature!
The slime creature dies!
Okawaru accepts your kill.
Your sixfirhy disappears in a puff of smoke!
The fire giant shouts!
The fire giant hits you with the +7 great mace "Firestarter" {inner flame, rF++}!
The fire giant burns you.
The fire giant points at you and mumbles some strange words.
The fireball explodes!
The fireball engulfs you! You resist.
* * * LOW HITPOINT WARNING * * *
There is a stone staircase leading up here.
The fire giant hits you with the +7 great mace "Firestarter" {inner flame, rF++}!!
You die...

########....#.#.###
#........#......# #
######.#####.....#.#####
#...................(†(.
#.####.#...........#####
#.# #.#..##.#.#........
#.# #....##.#.#########
#.# #.JC....#.# #.. #.#
##@3..###..######.J #.#
#..#.............. #.#
#....####.######.. #.#
#.#### .# #.. #.#####.#
##. #..÷....# #. ##
#######.# #. # #.# #. #
#.# #. #


You could see a fire giant, a slime creature and a friendly soul eater.

Vanquished Creatures
  A vault guard (D:14)
  A tengu warrior (D:14)
  A skeletal warrior (D:14)
  An unseen horror (D:12)
  2 hill giants
  An orc knight (D:14)
  5 ugly things (D:14)
  2 cyclopes (D:14)
  Maurice (D:9)
  A komodo dragon (shapeshifter) (D:14)
  2 two-headed ogres
  A troll (D:12)
  A slime creature (D:12)
  2 hippogriffs
  A shadow (D:13)
  3 wraiths
  A wyvern (D:12)
  2 fire bats (D:14)
  3 yaks
  A hungry ghost (D:11)
  7 vampire mosquitoes
  4 mottled dragons
  A soldier ant (D:7)
  3 orc warriors (D:10)
  A phantom (D:5)
  A sky beast (D:10)
  A black bear (D:6)
  2 slaves (D:5)
  6 ogres
  A necrophage (D:11)
  6 centaurs
  10 big kobolds
  5 bullfrogs
  3 scorpions
  2 water moccasin skeletons
  11 killer bees
  2 vampire bats (D:6)
  12 wights
  3 howler monkeys
  6 crimson imps
  A centaur zombie (D:12)
  3 hounds
  5 jellies
  9 orc wizards
  2 bullfrog skeletons
  3 orc priests
  A gnoll shaman (D:8)
  2 centaur skeletons
  6 iguanas
  11 worker ants
  3 hound skeletons
  9 gnolls (D:3)
  12 adders
  2 shadow imps
  6 oozes
  An adder skeleton (D:5)
  A dart slug (D:3)
  5 worms
  8 leopard geckos
  26 orcs
  23 bats
  7 giant cockroaches
  28 goblins
  26 hobgoblins
  4 jackals (D:1)
  7 quokkas
  A ball python skeleton (D:4)
  5 frilled lizards
  26 kobolds
  A quokka skeleton (D:5)
  A quokka zombie (D:9)
  17 rats
382 creatures vanquished.

Vanquished Creatures (collateral kills)
  Erolcha (D:12)
  3 vault guards (D:14)
  2 centaur warriors (D:14)
  2 tengu warriors (D:14)
  2 skeletal warriors (D:14)
  A swamp dragon (shapeshifter) (D:14)
  Pikel (D:5)
  10 ugly things
  2 hill giants
  A manticore (D:12)
  3 gargoyles
  An efreet (D:12)
  3 trolls
  Grinder (D:6)
  2 hornets
  2 slime creatures (D:14)
  2 hippogriffs
  A tarantella (shapeshifter) (D:14)
  10 yaks
  A basilisk (D:11)
  A wraith (D:14)
  2 fire bats (D:14)
  A hungry ghost (D:10)
  2 black bears
  3 orc warriors
  2 ice beasts (D:10)
  4 ogres (D:10)
  A centaur (D:8)
  A gnoll sergeant (D:10)
  A killer bee (D:8)
  5 wights
  A crimson imp (D:14)
  An orc priest (D:14)
  3 worker ants
  6 orcs
  3 bats (D:11)
  A leopard gecko zombie (D:6)
  3 rats (D:11)
92 creatures vanquished.

Vanquished Creatures (others)
  A fungus (D:11)
  A plant (D:11)
2 creatures vanquished.

Grand Total: 476 creatures vanquished

Notes
Turn   | Place    | Note
-------+----------+-------------------------------------------
     0 | D:1      | Agrougrou the Demonspawn Fighter began the quest for the Orb.
     0 | D:1      | Reached XP level 1. HP: 18/18 MP: 1/1
   137 | D:1      | Gained mutation: You are partially covered in icy blue scales. (AC +2) [demonic ancestry]
   137 | D:1      | Reached XP level 2. HP: 19/24 MP: 2/2
   172 | D:1      | Reached skill level 2 in Maces & Flails
   964 | D:2      | Reached XP level 3. HP: 28/29 MP: 3/3
  2007 | D:2      | Gained mutation: You sometimes gain a little power by taking damage. [demonic ancestry]
  2007 | D:2      | Reached XP level 4. HP: 17/35 MP: 4/4
  2979 | D:3      | Reached skill level 3 in Maces & Flails
  2979 | D:3      | Reached XP level 5. HP: 41/42 MP: 5/5
  3421 | D:3      | Reached skill level 1 in Dodging
  3435 | D:3      | Gained mutation: You sometimes gain power by taking damage. [demonic ancestry]
  3435 | D:3      | Reached XP level 6. HP: 38/48 MP: 6/6
  3453 | D:3      | Reached skill level 4 in Maces & Flails
  4329 | D:4      | Found a staircase to the Ecumenical Temple.
  4338 | Temple   | Entered the Ecumenical Temple
  4791 | D:4      | Gained mutation: A weak demonic guardian rushes to your aid. [demonic ancestry]
  4791 | D:4      | Reached XP level 7. HP: 26/54 MP: 7/7
  4985 | D:4      | Found Geaddoed's Armour Boutique.
  5283 | D:5      | Entered Level 5 of the Dungeon
  5403 | D:5      | You fall through a shaft for 2 floors!
  5472 | D:7      | Found a hazy altar of Hepliaklqana.
  5555 | D:6      | Reached skill level 5 in Maces & Flails
  5698 | D:6      | Noticed Grinder
  5717 | D:6      | Paralysed by Grinder for 5 turns
  5743 | D:6      | Paralysed by Grinder for 3 turns
  5764 | D:6      | Killed Grinder
  5925 | D:6      | Reached skill level 5 in Shields
  6001 | D:6      | Reached XP level 8. HP: 61/61 MP: 8/8
  6089 | D:6      | Found Jyuschaf's General Store.
  6105 | D:6      | Bought a scroll of recharging for 104 gold pieces
  6105 | D:6      | Bought 3 scrolls of teleportation for 99 gold pieces
  6105 | D:6      | Bought a scroll of identify for 22 gold pieces
  6141 | D:6      | Found Kuwnaw's Assorted Antiques.
  6724 | D:5      | Reached skill level 6 in Maces & Flails
  6833 | D:5      | Reached skill level 5 in Fighting
  6982 | D:5      | Noticed Pikel
  7002 | D:5      | Paralysed by Pikel for 6 turns
  7379 | D:5      | Paralysed by Pikel for 5 turns
  7407 | D:5      | Killed Pikel
  7407 | D:5      | Reached skill level 5 in Armour
  7407 | D:5      | Reached skill level 1 in Stealth
  7757 | D:6      | Gained mutation: A demonic guardian rushes to your aid. [demonic ancestry]
  7757 | D:6      | Reached XP level 9. HP: 64/68 MP: 9/9
  8376 | D:7      | Paralysed by a hornet for 3 turns
  8380 | D:7      | Reached skill level 7 in Maces & Flails
  8380 | D:7      | Reached skill level 1 in Evocations
 10047 | D:9      | Found an iron altar of Okawaru.
 10047 | D:9      | Found a faded altar of an unknown god.
 10053 | D:9      | Found a basalt altar of Yredelemnul.
 10055 | D:9      | Became a worshipper of Warmaster Okawaru
 10058 | D:9      | Found a shimmering altar of Xom.
 10060 | D:9      | Found a deep blue altar of Sif Muna.
 10432 | D:9      | Noticed Maurice
 10569 | D:9      | Found a radiant altar of Vehumet.
 10636 | D:9      | Gained mutation: You have a pair of small antennae on your head. [demonic ancestry]
 10636 | D:9      | Reached XP level 10. HP: 71/76 MP: 10/10
 11666 | D:9      | Killed Maurice
 11695 | D:10     | Entered Level 10 of the Dungeon
 11711 | D:10     | Reached skill level 8 in Maces & Flails
 11736 | D:10     | Reached * piety under Okawaru
 12353 | D:10     | Gained mutation: You have large cloven feet. [mutagenic meat]
 12354 | D:10     | Gained mutation: Your body sometimes deteriorates upon taking damage. [mutagenic meat]
 12355 | D:10     | Gained mutation: You are resistant to electric shocks. (rElec) [mutagenic meat]
 12356 | D:10     | Gained mutation: You are agile. (Dex +2) [mutagenic meat]
 12357 | D:10     | Gained mutation: Your muscles are strong. (Str +2) [mutagenic meat]
 12607 | D:10     | Found a staircase to the Orcish Mines.
 12623 | D:10     | Reached ** piety under Okawaru
 13363 | D:10     | Noticed an ice statue
 13918 | D:11     | Noticed a gargoyle
 14009 | D:11     | Reached *** piety under Okawaru
 14024 | D:11     | Reached skill level 9 in Maces & Flails
 14030 | D:11     | Killed a gargoyle
 14536 | D:11     | Noticed a gargoyle
 14543 | D:11     | Killed a gargoyle
 14798 | D:11     | Reached **** piety under Okawaru
 14826 | D:11     | Gained mutation: You are mostly covered in icy blue scales. (AC +3) [demonic ancestry]
 14826 | D:11     | Reached XP level 11. HP: 83/83 MP: 12/12
 15405 | D:12     | Noticed Erolcha
 15407 | D:12     | Killed Erolcha
 15438 | D:12     | HP: 3/84 [vampire mosquito (3)]
 15856 | D:12     | Noticed a white ugly thing
 15873 | D:12     | Killed a white ugly thing
 15873 | D:12     | Reached ***** piety under Okawaru
 15880 | D:12     | Lost mutation: Your muscles are strong. (Str +2) [mutagenic meat]
 15881 | D:12     | Gained mutation: You are dopey. (Int -2) [mutagenic meat]
 15965 | D:12     | Reached skill level 10 in Maces & Flails
 16069 | D:12     | Noticed a cyan ugly thing
 16114 | D:12     | Killed a cyan ugly thing
 16123 | D:12     | Gained mutation: You are frail. (-10% HP) [mutagenic meat]
 16124 | D:12     | Gained mutation: Your flesh is heat resistant. (rF+) [mutagenic meat]
 16588 | D:12     | Noticed a hill giant
 16592 | D:12     | Killed a hill giant
 16626 | D:12     | Noticed a hill giant
 16638 | D:12     | Killed a hill giant
 16638 | D:12     | Received a gift from Okawaru
 16752 | D:12     | Killed an unseen horror
 17083 | D:12     | Got a translucent ring mail
 17094 | D:12     | Identified the +7 ring mail "Jiurife" {MR- Dex+8} (You found it on level 12 of the Dungeon)
 17523 | D:13     | Noticed a purple ugly thing
 17587 | D:13     | Killed a purple ugly thing
 17644 | D:13     | Lost mutation: You are frail. (-10% HP) [potion of mutation]
 17644 | D:13     | Gained mutation: You have sharp fingernails. [potion of mutation]
 17804 | D:13     | Received a gift from Okawaru
 17827 | D:13     | Noticed a hill giant
 17828 | D:13     | Killed a hill giant
 17834 | D:13     | Found a hide-covered altar of Uskayaw.
 17931 | D:13     | Noticed a hill giant
 17946 | D:13     | Killed a hill giant
 17946 | D:13     | Gained mutation: You have a pair of antennae on your head. [demonic ancestry]
 17946 | D:13     | Reached XP level 12. HP: 94/94 MP: 13/13
 18095 | D:14     | Reached skill level 11 in Maces & Flails
 18127 | D:14     | Lost mutation: You are dopey. (Int -2) [mutagenic meat]
 18128 | D:14     | Lost mutation: Your body sometimes deteriorates upon taking damage. [mutagenic meat]
 18133 | D:14     | Gained mutation: You possess an exceptional clarity of mind. [mutagenic meat]
 18134 | D:14     | Gained mutation: You have a pair of large antennae on your head. (SInv) [mutagenic meat]
 18136 | D:14     | Lost mutation: You possess an exceptional clarity of mind. [mutagenic meat]
 18336 | D:14     | Noticed a fire giant
 18467 | D:14     | Gained mutation: You have hoof-like feet. [mutagenic meat]
 18468 | D:14     | Gained mutation: You tend to lose your temper in combat. [mutagenic meat]
 18763 | D:14     | Noticed a tengu warrior
 18763 | D:14     | Noticed a tengu warrior
 18772 | D:14     | Killed a tengu warrior
 18772 | D:14     | Reached ****** piety under Okawaru
 18777 | D:14     | Killed a tengu warrior
 18777 | D:14     | Received a gift from Okawaru
 18797 | D:14     | Noticed a centaur warrior
 18803 | D:14     | Killed a centaur warrior
 18834 | D:14     | Noticed a centaur warrior
 18837 | D:14     | Noticed a tengu warrior
 18840 | D:14     | Noticed a vault guard
 18847 | D:14     | Noticed a vault guard
 18855 | D:14     | Noticed a vault guard
 18866 | D:14     | Killed a tengu warrior
 18877 | D:14     | Reached skill level 10 in Shields
 18886 | D:14     | Killed a vault guard
 18902 | D:14     | Killed a vault guard
 18911 | D:14     | Killed a vault guard
 18912 | D:14     | Killed a centaur warrior
 18912 | D:14     | Received a gift from Okawaru
 18932 | D:14     | Lost mutation: Your flesh is heat resistant. (rF+) [mutagenic meat]
 18933 | D:14     | Lost mutation: You are agile. (Dex +2) [mutagenic meat]
 18934 | D:14     | Gained mutation: You are frail. (-10% HP) [mutagenic meat]
 18963 | D:14     | Noticed a vault guard
 18995 | D:14     | Killed a vault guard
 19351 | D:14     | Found a gate to the Vaults.
 19397 | D:14     | Reached skill level 12 in Maces & Flails
 19623 | D:14     | Gained mutation: You are agile. (Dex +2) [mutagenic meat]
 19897 | D:14     | Gained mutation: Your mind is acute. (Int +2) [mutagenic meat]
 19898 | D:14     | Lost mutation: Your mind is acute. (Int +2) [mutagenic meat]
 19899 | D:14     | Lost mutation: You are frail. (-10% HP) [mutagenic meat]
 19900 | D:14     | Gained mutation: Your mind is acute. (Int +2) [mutagenic meat]
 20004 | D:14     | Demolished by a fire giant

Skill      XL: |  1  2  3  4  5  6  7  8  9 10 11 12 |
---------------+-------------------------------------+-----
Shields        | 3 4 5 6 7 8 9 10 | 10.4
Maces & Flails | 2 3 4 5 6 7 9 10 12 | 12.3
Armour         | 3 4 5 6 7 8 |  8.9
Dodging        | 1 2 3 4 |  4.3
Fighting       | 4 5 6 8 9 |  9.6
Stealth        | 1 |  1.2
Evocations     | 1 |  1.6

Action                   |  1- 3 |  4- 6 |  7- 9 | 10-12 || total
-------------------------+-------+-------+-------+-------++-------
Melee: Flail             |   178 |   356 |   248 |    53 ||   835
       Whip              |       |       |   399 |   224 ||   623
       Morningstar       |       |       |       |   598 ||   598
Evoke: Wand              |       |       |     4 |     8 ||    12
       Phial of floods   |       |       |       |     1 ||     1
  Use: Potion            |       |     1 |       |     4 ||     5
       Scroll            |       |       |    13 |     7 ||    20
 Stab: Distracted        |       |       |     3 |     3 ||     6
  Eat: Chunk             |     4 |     6 |    11 |    41 ||    62
       Beef jerky        |       |     1 |     2 |       ||     3
       Bread ration      |       |     1 |       |     3 ||     4
       Meat ration       |       |       |     1 |     2 ||     3
       Royal jelly       |       |       |       |     1 ||     1
Armor: Scale mail        |   101 |   162 |       |       ||   263
       Chain mail        |       |     2 |   215 |       ||   217
       Plate armour      |       |       |    92 |   349 ||   441
       Ring mail         |       |       |       |    72 ||    72
Dodge: Dodged            |    48 |   120 |    98 |   220 ||   486
Block: Shield            |    89 |   252 |   285 |   445 ||  1071
       Buckler           |       |       |       |     9 ||     9
